 Dungeon Crawl Stone Soup version 0.19.1 (webtiles) character file.

35674 Jerry the Carver (level 13, -14/63 HPs)
             Began as a Vine Stalker Fighter on Dec 26, 2016.
             Was the Champion of Okawaru.
             Killed from afar by a fire dragon (54 damage)
             ... with a blast of flame
             ... on level 15 of the Dungeon.
             The game lasted 01:00:15 (13155 turns).

Jerry the Carver (Vine Stalker Fighter)            Turns: 13155, Time: 01:00:16

Health: -14/63     AC: 21    Str: 19    XL:     13   Next: 85%
Magic:  0/17       EV: 15    Int: 11    God:    Okawaru [******]
Gold:   1372       SH:  6    Dex: 19    Spells: 0 memorised, 12 levels left

rFire  . . .     SeeInvis .     q - +1 double sword (holy)
rCold  . . .     Gourm    +     B - +0 plate armour
rNeg   . . .     Faith    .     w - +0 buckler
rPois  +         Spirit   +     Q - +0 hat {Int+3}
rElec  .         Reflect  .     E - +2 cloak {rPois}
rCorr  +         Harm     .     (no gloves)
MR     +....                    O - +1 pair of boots {run}
Stlth  ..........               l - amulet of the gourmand
                                H - ring of resist corrosion
                                y - +3 ring of evasion

@: quick
A: fangs 3, regeneration 2, magic shield, antimagic bite, no device heal 3, rot
immunity
a: Heroism, Finesse, Renounce Religion


You were on level 15 of the Dungeon.
You worshipped Okawaru.
Okawaru was exalted by your worship.
You were very full.

You visited 3 branches of the dungeon, and saw 18 of its levels.

You collected 1588 gold pieces.
You spent 216 gold pieces at shops.

Inventory:

Hand Weapons
 c - the +5 short sword of Glory {drain, Stlth+}
   (You bought it in a shop on level 6 of the Dungeon)

   A truly terrible weapon, it drains the life of those it strikes.
   It makes you more stealthy.
 q - a +1 double sword of holy wrath (weapon)
 N - the +8 falchion "Veustrai" {slice, rF+ Str+5}
   (Okawaru gifted it to you on level 10 of the Dungeon)

   It inflicts extra damage upon your enemies.
   It affects your strength (+5).
   It protects you from fire.
Missiles
 P - 4 javelins (quivered)
Armour
 w - a +0 buckler (worn)
 B - a +0 plate armour (worn)
 E - a +2 cloak of poison resistance (worn)
 O - a +1 pair of boots of running (worn)
 Q - a +0 hat of intelligence (worn)
Jewellery
 b - an uncursed ring of flight
 l - an amulet of the gourmand (around neck)
 y - a +3 ring of evasion (left hand)
 H - a ring of resist corrosion (right hand)
Wands
 i - a wand of slowing (17/48)
 m - a wand of iceblast (3/15)
 n - a wand of disintegration (13/24)
 t - a wand of random effects (23/48)
 D - a wand of lightning (3/15)
 F - a wand of digging (9/24)
 G - a wand of lightning (9/15)
 I - a wand of acid (8/15)
 R - a wand of paralysis (14/24)
Scrolls
 d - 2 scrolls of magic mapping
 e - 3 scrolls of recharging
 g - 7 scrolls of teleportation
 k - 6 scrolls of remove curse
 o - a scroll of enchant armour
 s - 3 scrolls of amnesia
 A - 3 scrolls of enchant weapon
 J - a scroll of fear
 K - 2 scrolls of immolation
 L - 2 scrolls of identify
 M - a scroll of fog
 S - a scroll of blinking
Potions
 h - 4 potions of brilliance
 j - a potion of magic
 r - 3 potions of invisibility
 u - 6 potions of curing
 x - a potion of cancellation {unknown}
 z - 2 potions of ambrosia {unknown}
 C - 2 potions of might
 T - a potion of mutation {unknown}
 U - 2 potions of agility {unknown}
 V - 2 potions of haste {unknown}
Comestibles
 a - 11 slices of pizza
 f - 10 bread rations
 p - 7 beef jerkies
 v - 7 meat rations


   Skills:
 - Level 5.1 Fighting
 - Level 0.5(7.6) Short Blades
 + Level 11.9 Long Blades
 + Level 11.1 Armour
 + Level 10.8 Dodging
 - Level 4.0 Shields
 - Level 4.4 Invocations


You had 12 spell levels left.
You didn't know any spells.

Dungeon Overview and Level Annotations

Branches:
Dungeon (15/15)            Temple (1/1) D:5            Lair (0/6) D:11
    Orc (2/2) D:10         Vaults (0/5) D:14
    Elf: Orc:2       Depths: D:15

Altars:
Ashenzari
Cheibriados
Dithmenos
Elyvilon
Fedhas
Gozag
Hepliaklqana
Kikubaaqudgha
Makhleb
Nemelex Xobeh
Okawaru
Qazlal
Ru
Sif Muna
Trog
Uskayaw
Vehumet
Xom
Yredelemnul
Zin
The Shining One
Beogh

Shops:
D:4 (   D:6 (   D:11 %   Orc:2 %

Portals:
Trove: D:10 (give 6 scrolls of blinking)


Innate Abilities, Weirdness & Mutations

You have razor-sharp teeth.
You heal very quickly.
When hurt, damage is shared between your health and your magic reserves.
Your bite disrupts and absorbs the magic of your enemies.
Potions and wands cannot restore your health.
You are immune to rotting.


Message History

You kill the crimson imp!
Okawaru accepts your kill.
No target in view!
Found a scroll of immolation.
You see here a scroll of immolation.
K - a scroll of immolation
K - 2 scrolls of immolation (gained 1)
You see here 21 stones.
You see here a club.
A fire dragon comes into view.
The fire dragon roars deafeningly!
Found 46 gold pieces.
A fire dragon comes into view.
The fire dragon breathes flames at you. The blast of flame hits you!
Found 97 gold pieces.
The fire dragon breathes flames at you. The blast of flame hits you!
Ouch! That really hurt!
You die...

≈≈≈≈≈≈...≈≈#.# #.......#
≈≈≈≈≈≈≈.≈..#.##.
.##.......######
≈≈≈≈≈≈≈≈≈≈...#$.
.$#.............
.[)≈≈≈≈≈≈...##$.
.$######.#######
<[.≈≈≈≈....###$D .$# #.#
[.(≈≈≈≈≈≈..# #$. D$# #.#
≈≈≈≈≈≈≈≈≈≈.# #..#..# #.#
≈≈≈≈≈≈≈.≈(.## #...### #.#
≈≈≈≈≈≈...≈≈.####@##.# #.#
≈≈≈≈≈≈≈.≈≈≈...##.#..#####.#
..≈≈≈≈..≈≈≈......##.......#
...[..≈.≈≈....8..##.#####.#
......≈≈≈.⌠.....###.#
#.####### ...######.#.#..##
#.# #........ ...# #...#.##
#.# #.####### ...# ###.###
#.#####.#
...########.#######.......#


You could see 2 fire dragons.

Vanquished Creatures
  Erolcha (D:10)
  3 hydras
  3 centaur warriors
  A death knight (D:14)
  3 tengu warriors (D:14)
  An unseen horror (D:14)
  A wizard (D:14)
  8 hill giants
  3 deep elf magi
  3 ugly things
  3 manticores
  A cyclops (D:11)
  An ice statue (D:15)
  2 centaur zombies (D:13)
  Maurice (D:8)
  A gargoyle (D:15)
  2 kobold demonologists
  A freezing wraith (D:15)
  2 trolls
  A polar bear (D:14)
  2 two-headed ogres
  A hippogriff (D:11)
  2 shadows
  2 wraiths (D:13)
  36 yaks
  A human (D:7)
  Eustachio (D:4)
  3 hogs (D:7)
  A hungry ghost (D:10)
  5 vampire mosquitoes
  A mottled dragon (D:15)
  A soldier ant (D:12)
  8 orc warriors
  4 sky beasts
  3 phantoms
  14 ice beasts
  A necrophage (D:9)
  A black bear (D:12)
  5 boggarts
  4 ogres
  13 centaurs
  5 big kobolds
  10 bullfrogs
  3 wyvern zombies
  A wyvern skeleton (D:7)
  8 scorpions
  8 killer bees
  8 wights
  A howler monkey (D:6)
  2 electric eels (D:12)
  3 bullfrog zombies
  3 crimson imps
  2 quasits
  4 hounds
  3 jellies
  6 orc wizards
  3 orc priests
  3 bullfrog skeletons
  5 centaur skeletons
  An iguana (D:9)
  12 worker ants
  A hound zombie (D:5)
  A worker ant zombie (D:10)
  Robin (D:2)
  3 gnolls (D:5)
  A howler monkey skeleton (D:8)
  10 adders
  3 shadow imps
  A white imp (D:15)
  An ooze (D:1)
  An adder zombie (D:9)
  2 dart slugs
  7 leopard geckos
  28 orcs
  2 ball pythons
  14 giant cockroaches
  18 goblins
  17 hobgoblins
  5 jackals (D:1)
  36 kobolds
  2 quokkas
  8 bats
  7 frilled lizards
  7 rats
418 creatures vanquished.

Vanquished Creatures (others)
  14 fungi (D:10)
14 creatures vanquished.

Grand Total: 432 creatures vanquished

Notes
Turn   | Place    | Note
-------+----------+-------------------------------------------
     0 | D:1      | Jerry the Vine Stalker Fighter began the quest for the Orb.
     0 | D:1      | Reached XP level 1. HP: 11/11 MP: 2/2
   271 | D:1      | Reached XP level 2. HP: 9/16 MP: 3/3
   886 | D:1      | Reached skill level 1 in Dodging
   886 | D:1      | Reached XP level 3. HP: 19/20 MP: 4/4
  1279 | D:2      | Gained mutation: Your natural rate of healing is unusually fast. [Vine Stalker growth]
  1279 | D:2      | Reached XP level 4. HP: 14/24 MP: 5/5
  1306 | D:2      | Noticed Robin
  1314 | D:2      | Killed Robin
  1404 | D:2      | Found an opulent altar of Gozag.
  1582 | D:2      | Reached XP level 5. HP: 28/28 MP: 6/6
  2313 | D:3      | Noticed a big kobold
  2476 | D:3      | Found a basalt altar of Yredelemnul.
  2667 | D:3      | Reached XP level 6. HP: 32/32 MP: 7/7
  2859 | D:4      | Noticed Eustachio
  2872 | D:4      | Killed Eustachio
  2880 | D:4      | Found Zathe's Antique Weapon Boutique.
  3023 | D:4      | Reached XP level 7. HP: 36/36 MP: 8/8
  3128 | D:5      | Entered Level 5 of the Dungeon
  3497 | D:5      | Found a bloodstained altar of Trog.
  3626 | D:5      | HP: 1/36 [centaur (2)]
  3745 | D:5      | Found a staircase to the Ecumenical Temple.
  3754 | Temple   | Entered the Ecumenical Temple
  4000 | Temple   | Became a worshipper of Warmaster Okawaru
  4615 | D:6      | Gained mutation: You have razor-sharp teeth. [Vine Stalker growth]
  4615 | D:6      | Reached XP level 8. HP: 40/40 MP: 9/9
  4675 | D:6      | Found Hegill's Antique Weapon Emporium.
  4685 | D:6      | Bought a bloodstained short sword for 216 gold pieces
  4685 | D:6      | Identified the +5 short sword of Glory {drain, Stlth+} (You bought it in a shop on level 6 of the Dungeon)
  5301 | D:7      | Reached skill level 5 in Long Blades
  5303 | D:7      | Reached skill level 5 in Armour
  5410 | D:7      | Noticed a yak
  5420 | D:7      | Reached * piety under Okawaru
  5422 | D:7      | Reached skill level 1 in Invocations
  5424 | D:7      | Reached XP level 9. HP: 44/44 MP: 9/11
  5553 | D:7      | Reached skill level 5 in Dodging
  5585 | D:7      | Found a burning altar of Makhleb.
  5826 | D:7      | Reached ** piety under Okawaru
  6531 | D:8      | Noticed Maurice
  6549 | D:8      | Killed Maurice
  6549 | D:8      | Reached *** piety under Okawaru
  6549 | D:8      | Reached XP level 10. HP: 35/49 MP: 12/14
  7056 | D:9      | Reached **** piety under Okawaru
  7423 | D:9      | Noticed a torpor snail
  7507 | D:10     | Entered Level 10 of the Dungeon
  7516 | D:10     | Found a portal to a secret trove of treasure.
  7532 | D:10     | Identified a +1 pair of boots of running (You found it on level 10 of the Dungeon)
  7553 | D:10     | Noticed an orc knight
  7559 | D:10     | Reached skill level 5 in Fighting
  7644 | D:10     | Found a staircase to the Orcish Mines.
  7650 | D:10     | Reached ***** piety under Okawaru
  7701 | D:10     | Reached XP level 11. HP: 46/55 MP: 11/15
  7755 | D:10     | Noticed a hill giant
  7769 | D:10     | Killed a hill giant
  7852 | D:10     | Received a gift from Okawaru
  7876 | D:10     | Got an iridescent falchion {god gift}
  7877 | D:10     | Identified the +8 falchion "Veustrai" {slice, rF+ Str+5} (Okawaru gifted it to you on level 10 of the Dungeon)
  7994 | D:10     | Noticed Erolcha
  8000 | D:10     | Killed Erolcha
  8214 | Orc:1    | Entered Level 1 of the Orcish Mines
  8619 | Orc:2    | Entered Level 2 of the Orcish Mines
  8619 | Orc:2    | Found Nuklacam's Food Shop.
  8619 | Orc:2    | Found a roughly hewn altar of Beogh.
  8619 | Orc:2    | Noticed an ogre mage
  8621 | Orc:2    | Noticed an ogre mage
  8626 | Orc:2    | Noticed an ogre mage
  8812 | D:11     | Noticed a white ugly thing
  8828 | D:11     | Killed a white ugly thing
  8840 | D:11     | Found Uceag's Food Boutique.
  8840 | D:11     | Noticed a six-headed hydra
  8890 | D:11     | Noticed a cyclops
  8903 | D:11     | Killed a cyclops
  9001 | D:11     | Found a staircase to the Lair.
  9023 | D:11     | Received a gift from Okawaru
  9202 | D:11     | Gained mutation: You heal very quickly. [Vine Stalker growth]
  9202 | D:11     | Reached XP level 12. HP: 60/60 MP: 16/16
  9345 | D:12     | Identified the Reference Book on Boosts and Dark Rites
  9762 | D:12     | Noticed a seven-headed hydra
 10106 | D:11     | Killed a six-headed hydra
 10106 | D:11     | Reached skill level 10 in Long Blades
 10339 | D:12     | Killed a seven-headed hydra
 10563 | D:13     | Reached ****** piety under Okawaru
 10602 | D:13     | Noticed a centaur warrior
 10615 | D:13     | Killed a centaur warrior
 10625 | D:13     | Received a gift from Okawaru
 10834 | D:13     | Noticed a centaur warrior
 10842 | D:13     | Killed a centaur warrior
 10863 | D:13     | Reached skill level 10 in Armour
 11340 | D:14     | Reached XP level 13. HP: 51/63 MP: 11/17
 11592 | D:14     | Reached skill level 10 in Dodging
 11610 | D:14     | Received a gift from Okawaru
 12122 | D:14     | Found a gate to the Vaults.
 12286 | D:15     | Entered Level 15 of the Dungeon
 12430 | D:15     | Found a sacrificial altar of Ru.
 12492 | D:15     | Received a gift from Okawaru
 13153 | D:15     | Noticed a fire dragon
 13154 | D:15     | Noticed a fire dragon
 13155 | D:15     | Killed from afar by a fire dragon

Skill      XL: |  1  2  3  4  5  6  7  8  9 10 11 12 13 |
---------------+----------------------------------------+-----
Long Blades    | 2 3 4 5 6 8 9 10 11 | 11.9
Fighting       | 3 5 |  5.1
Dodging        | 1 2 3 4 5 6 8 9 10 | 10.8
Armour         | 3 4 5 6 7 8 10 11 | 11.1
Shields        | 3 4 |  4.0
Invocations    | 1 4 |  4.4
Short Blades   | |  0.5

Action                   |  1- 3 |  4- 6 |  7- 9 | 10-12 | 13-15 || total
-------------------------+-------+-------+-------+-------+-------++-------
Melee: Long sword        |    86 |   134 |   226 |    85 |       ||   531
       Bite              |    32 |    33 |    92 |   296 |   159 ||   612
       Short sword       |       |       |    17 |    10 |     6 ||    33
       Scimitar          |       |       |       |   127 |       ||   127
       Falchion          |       |       |       |   381 |   234 ||   615
       Double sword      |       |       |       |       |    33 ||    33
Throw: Javelin           |       |       |       |     2 |       ||     2
Invok: Heroism           |       |       |       |     6 |     6 ||    12
 Abil: Evoke Flight      |       |       |       |       |     1 ||     1
Evoke: Wand              |       |       |       |    16 |       ||    16
  Use: Potion            |     1 |     1 |       |       |       ||     2
       Scroll            |       |     2 |    17 |     5 |     2 ||    26
 Stab: Confused          |       |       |       |     1 |       ||     1
       Paralysed         |       |       |       |     3 |       ||     3
  Eat: Chunk             |     1 |     6 |    20 |    24 |     5 ||    56
Armor: Scale mail        |    37 |       |       |       |       ||    37
       Chain mail        |    29 |    86 |   110 |    79 |       ||   304
       Plate armour      |       |       |       |   117 |   107 ||   224
Dodge: Dodged            |    73 |    59 |   126 |   323 |   155 ||   736
Block: Buckler           |       |       |    56 |   155 |    53 ||   264
       Rpst.: Long sword |    23 |    12 |    38 |    21 |       ||    94
       Scimitar          |       |       |       |    19 |       ||    19
       Falchion          |       |       |       |    48 |    24 ||    72
       Double sword      |       |       |       |       |     5 ||     5
